 Dungeon Crawl Stone Soup version 0.25-a0-734-g73332aeda9 (webtiles) character file.

Game seed: 12620167410138351259, levelgen mode: deterministic

327 Esekla the Slasher (level 6, -5/48 HPs)
             Began as a Barachi Warper on Apr 11, 2020.
             Slain by a killer bee (8 damage)
             ... on level 4 of the Dungeon.
             The game lasted 00:23:03 (3280 turns).

Esekla the Slasher (Barachi Warper)                 Turns: 3280, Time: 00:23:03

Health: -5/48      AC:  6    Str: 12    XL:     6   Next: 50%
Magic:  8/10       EV: 12    Int: 15    God:
Gold:   117        SH:  0    Dex: 12    Spells: 6/10 levels left

rFire    + . .     SeeInvis .   a - +0 falchion
rCold    . . .     Gourm    .   (no shield)
rNeg     . . .     Faith    .   b - +0 leather armour
rPois    .         Spirit   .   (no helmet)
rElec    .         Reflect  .   n - +2 cloak
rCorr    .         Harm     .   (no gloves)
MR       +....                  (no boots)
Stlth    +.........             t - amulet of magic regeneration
HPRegen  0.16/turn              k - ring of wizardry
MPRegen  0.37/turn              l - ring of protection from fire

@: lethally poisoned (-5 -> -18), shrouded, very slightly contaminated, slow
A: +LOS, swims, talons 1, magic resistance 1, slowness 1, evolution 1, strong
legs 1
a: Hop


You were on level 4 of the Dungeon.
You were hungry.

You visited 1 branch of the dungeon, and saw 4 of its levels.
You also visited: Sewer.

You collected 117 gold pieces.

Inventory:

Hand Weapons
 a - a +0 falchion (weapon)
 g - a +1 scythe of freezing
Missiles
 e - 5 boomerangs of dispersal (quivered)
Armour
 b - a +0 leather armour (worn)
 j - a cursed +0 leather armour
 n - a +2 cloak (worn)
Jewellery
 k - a ring of wizardry (left hand)
 l - a ring of protection from fire (right hand)
 t - an amulet of magic regeneration (around neck)
Wands
 h - a wand of iceblast (13)
Scrolls
 c - a scroll of fear {unknown}
 d - a scroll of blinking
 i - a scroll of amnesia {unknown}
 m - a scroll of enchant weapon {unknown}
 o - a scroll of fog {unknown}
 s - a scroll of identify
Potions
 q - a potion of ambrosia {unknown}
Comestibles
 f - 5 rations


   Skills:
 * Level 4.2 Fighting
 * Level 5.8 Long Blades
 + Level 1.0 Throwing
 + Level 2.3 Armour
 + Level 3.0 Dodging
 + Level 2.7 Spellcasting
 + Level 0.8 Charms
 + Level 3.4 Translocations


You had 6 spell levels left.
You knew the following spells:

 Your Spells              Type           Power        Failure   Level  Hunger
a - Shroud of Golubria    Chrm/Tloc      #.....       7%          2    ##.....
b - Blink                 Tloc           N/A          4%          2    ##.....

Your spell library contained the following spells:

 Spells                   Type           Power        Failure   Level  Hunger
 Gell's Gravitas          Tloc           ##........   8%          3    ###....
 Lesser Beckoning         Tloc           ##........   8%          3    ###....
 Teleport Other           Tloc           ##......     8%          3    ###....
 Magic Dart               Conj           #...         11%         1    #......
 Call Imp                 Summ           #.......     16%         2    ##.....
 Slow                     Hex            #.......     16%         2    ##.....
 Passage of Golubria      Tloc           N/A          26%         4    #####..
 Conjure Flame            Conj/Fire      #.......     30%         3    ###....
 Mephitic Cloud           Conj/Pois/Air  #.......     30%         3    ###....


Dungeon Overview and Level Annotations

Branches:
Dungeon (4/15)              Sewer (visited)
 Temple: D:4-7

Altars:
Zin


Innate Abilities, Weirdness & Mutations

You can be seen from farther away. (+LOS)
You can swim through water.
You cover ground slowly.
You can hop short distances.
You have sharp toenails.
You are resistant to hostile enchantments. (MR+)
You evolve.


Message History

You miss the killer bee.
The killer bee is almost dead.
You feel better. The killer bee stings you.
* * * LOW HITPOINT WARNING * * *
You are poisoned.
The killer bee poisons you! The killer bee closely misses you.
Casting: Shroud of Golubria (safe; 7% risk of failure)
Confirm with . or Enter, or press ? or * to list all spells.
Space distorts slightly along a thin shroud covering your body.
You feel sick. The killer bee stings you.
* * * LOW HITPOINT WARNING * * *
You are more poisoned.
The killer bee poisons you! The killer bee barely misses you.
You riposte.
You barely miss the killer bee.
The killer bee is almost dead.
You miss the killer bee. Your kick misses the killer bee.
The killer bee is almost dead.
* * * LOW HITPOINT WARNING * * *
You feel sick. The killer bee closely misses you. The killer bee stings you!
You die...

.........<#
#....##..# # ##
#.....#..# .#
...#...#....#..#
#.............#.
#.#.....#.........
###..y..........
#.#y#..#.###..
#.#@#..#.# . .
#.#..#.# ..
.....#.# #.
.#(#.## #.#.#.#.#
# # #.# . ..# ##
###


You could see 2 killer bees.

Vanquished Creatures
  2 bullfrogs (Sewer)
  A killer bee (D:4)
  5 adders
  An ooze (D:3)
  2 dart slugs (D:2)
  6 leopard geckos
  4 orcs (D:3)
  12 giant cockroaches
  5 goblins
  12 hobgoblins
  10 jackals
  3 ball pythons
  5 bats
  12 frilled lizards
  7 kobolds
  9 rats
96 creatures vanquished.

Notes
Turn   | Place    | Note
-------+----------+-------------------------------------------
     0 | D:1      | Esekla the Barachi Warper began the quest for the Orb.
     0 | D:1      | Reached XP level 1. HP: 17/17 MP: 3/3
   151 | D:1      | Reached XP level 2. HP: 16/23 MP: 5/5
   306 | D:1      | Reached skill level 3 in Long Blades
   433 | D:1      | Reached XP level 3. HP: 25/29 MP: 6/6
   785 | D:2      | Learned a level 2 spell: Shroud of Golubria
   788 | D:2      | Learned a level 2 spell: Blink
  1101 | D:2      | Reached skill level 4 in Long Blades
  1101 | D:2      | Reached XP level 4. HP: 19/35 MP: 2/7
  1196 | D:2      | Found a glowing silver altar of Zin.
  1778 | D:3      | Gained mutation: You tend to lose your temper in combat.
                  | [potion of mutation]
  1778 | D:3      | Gained mutation: Your mind is acute. (Int +2) [potion of
                  | mutation]
  1778 | D:3      | Gained mutation: Your muscles are strong. (Str +2) [potion
                  | of mutation]
  1779 | D:3      | Lost mutation: You tend to lose your temper in combat.
                  | [potion of mutation]
  1779 | D:3      | Lost mutation: Your mind is acute. (Int +2) [potion of
                  | mutation]
  1779 | D:3      | Gained mutation: You are resistant to hostile enchantments.
                  | (MR+) [potion of mutation]
  1779 | D:3      | Lost mutation: Your muscles are strong. (Str +2) [potion of
                  | mutation]
  1779 | D:3      | Gained mutation: You have sharp toenails. [potion of
                  | mutation]
  1779 | D:3      | Gained mutation: You evolve. [potion of mutation]
  1806 | D:3      | Found a glowing drain.
  1837 | Sewer    | Entered a sewer
  2046 | Sewer    | Reached XP level 5. HP: 37/41 MP: 5/8
  2196 | Sewer    | Reached skill level 5 in Long Blades
  2196 | Sewer    | Reached XP level 6. HP: 9/48 MP: 6/9
  3277 | D:4      | HP: 1/48 [killer bee (4)]
  3280 | D:4      | Slain by a killer bee

Levels and vault maps discovered:
D:1:      lightli_arrival_statuegarden, layout_basic
D:2:      layout_loops_corners, zin_statuary
D:3:      layout_loops_ring, portal_sewer_entry_f,
          hangedman_abyss_or_decor_lesser_grid, minmay_misc_feat_room
D:4:      layout_loops_ring, minmay_temple_entry_statues_fountains, uniq_pikel

Skill      XL: |  1  2  3  4  5  6 |
---------------+-------------------+-----
Fighting       | 3 4 |  4.2
Long Blades    | 3 4 5 |  5.8
Armour         | 2 |  2.3
Dodging        | 3 |  3.0
Throwing       | |  1.0
Spellcasting   | |  2.7
Charms         | |  0.8
Translocations | |  3.4

Action                   |  1- 3 |  4- 6 || total
-------------------------+-------+-------++-------
Melee: Falchion          |   133 |   205 ||   338
       Kick              |       |    28 ||    28
 Cast: Shroud of Golubri |     3 |    14 ||    17
  Use: Potion            |       |     6 ||     6
       Scroll            |       |     2 ||     2
  Eat: Chunk             |     1 |     9 ||    10
Armor: Leather armour    |    38 |    80 ||   118
Dodge: Dodged            |    93 |   150 ||   243
       Rpst.: Falchion   |    25 |    57 ||    82

Table legend:
 A = Non-vault XP
 B = Vault XP
 C = Vault XP percentage of total XP
 D = Non-vault monster count
 E = Vault monster count
 F = Vault count percentage of total count
                 A         B        C        D         E       F
            +---------+---------+-------+---------+---------+-------
      Total |     225 |     243 |  51.9 |      71 |      25 |  26.0
            +---------+---------+-------+---------+---------+-------
        D:1 |      34 |       0 |   0.0 |      23 |       0 |   0.0
        D:2 |      82 |       0 |   0.0 |      27 |       0 |   0.0
        D:3 |      46 |      12 |  20.7 |      20 |       5 |  20.0
        D:4 |      63 |       0 |   0.0 |       1 |       0 |   0.0
      Sewer |       0 |     231 | 100.0 |       0 |      20 | 100.0
            +---------+---------+-------+---------+---------+-------
